 Dungeon Crawl Stone Soup version 0.30-a0-867-g305f33218d (webtiles) character file.

Game seed: 9998179656120606538

58610 loopz the Covert (level 14, -9/89 HPs)
             Began as an Octopode Transmuter on Mar 10, 2023.
             Was a High Priest of Okawaru.
             Killed by divine providence
             ... invoked by an orc high priest
              (12 damage)
             ... on level 2 of the Orcish Mines.
             The game lasted 01:34:33 (39729 turns).

loopz the Covert (Octopode Transmuter)             Turns: 39729, Time: 01:34:33

Health: -9/89      AC: -2    Str: 12    XL:     14   Next: 91%
Magic:  21/25      EV: 30    Int: 15    God:    Okawaru [*****.]
Gold:   102        SH:  5    Dex: 32    Spells: 7/28 levels left

rFire   . . .      SeeInvis .      - Unarmed
rCold   + + .      Faith    .    O - melded +0 buckler {AC+3} {god gift}
rNeg    + . .      Spirit   .    v - +1 hat "Janaw" {Str+3}
rPois   .          Reflect  +    Y - amulet of reflection
rElec   +          Rampage  .    w - +5 ring of evasion
rCorr   .                        V - ring "Tuh Pisu" {*Corrode rElec rC+ Will+ Dex+4}
Will    ++...                    J - +6 ring of dexterity
Stlth   ++++++                   X - +6 ring of dexterity
HPRegen 0.34/turn                Z - ring "Gyckysh" {rN+ Int+2}
MPRegen 0.19/turn                (no ring)
                                 (no ring)
                                 (no ring)

@: blade tentacles (expiring), corroded
A: almost no armour, amphibious, 8 rings, camouflage 1, gelatinous body 1,
(nimble swimmer 1), tentacles, cold resistance 1, dopey 1, frail 1, weak 1
a: End Transformation, Renounce Religion, Heroism, Finesse, Duel


You were on level 2 of the Orcish Mines.
You worshipped Okawaru.
Okawaru was extremely pleased with you.
You had blades for main tentacles.
You visited 4 branches of the dungeon, and saw 20 of its levels.
You visited 1 bazaar.

You collected 1692 gold pieces.
You spent 1590 gold pieces at shops.

Inventory:

Hand Weapons
 b - a +4 short sword of holy wrath
 l - a +2 dagger of flaming
 B - a +1 vampiric spear
 P - a +0 sling
Missiles
 e - 25 poisoned darts
 h - 2 silver boomerangs {god gift}
 q - 10 boomerangs
 r - 6 curare-tipped darts
 Q - 7 javelins {god gift}
 T - 4 silver javelins {god gift}
 W - 5 throwing nets
Armour
 v - the +1 hat "Janaw" (worn) {Str+3}
   (You acquired it on level 4 of the Dungeon)

   Str:       It affects your strength (+3).
 O - a +0 buckler of protection (melded) {god gift}
Magical Staves
 n - a staff of earth
Jewellery
 o - a ring of fire
 w - a +5 ring of evasion (left blade tentacle)
 J - a +6 ring of dexterity (on tentacle)
 N - a ring of fire
 U - an amulet of regeneration
 V - the ring "Tuh Pisu" (right blade tentacle) {*Corrode rElec rC+ Will+ Dex+4}
   (You found it on level 5 of the Lair of Beasts)

   [ring of willpower]

   Dex:       It affects your dexterity (+4).
   rC:        It protects you from cold.
   rElec:     It insulates you from electricity.
   *Corrode:  It may corrode you when you take damage.
   Will:      It increases your willpower.
 X - a +6 ring of dexterity (on tentacle)
 Y - an amulet of reflection (around mantle)
 Z - the ring "Gyckysh" (on tentacle) {rN+ Int+2}
   (You found it on level 12 of the Dungeon)

   [ring of positive energy]

   Int:       It affects your intelligence (+2).
   rN:        It protects you from negative energy.
Wands
 f - a wand of roots (3)
 x - a wand of digging (4)
 A - a wand of flame (21)
 C - a wand of mindburst (8)
 E - a wand of paralysis (15)
 G - a wand of polymorph (6)
Scrolls
 a - 3 scrolls of vulnerability
 g - a scroll of torment
 i - 2 scrolls of poison
 m - 2 scrolls of fog
 p - 6 scrolls of teleportation
 s - a scroll of brand weapon
 y - a scroll of magic mapping
 I - 6 scrolls of identify
 L - a scroll of immolation
 R - 3 scrolls of enchant weapon
Potions
 c - a potion of magic
 d - 5 potions of curing
 j - a potion of haste
 k - 4 potions of brilliance
 t - 6 potions of flight
 u - 3 potions of lignification
 z - 2 potions of resistance
 F - 3 potions of ambrosia
 H - 3 potions of might
 K - a potion of invisibility
 M - 2 potions of heal wounds
 S - a potion of attraction


   Skills:
 - Level 10.0 Fighting
 - Level 2.0 Throwing
 - Level 10.0 Dodging
 - Level 10.0 Stealth
 - Level 5.0 Shields
 - Level 10.0 Unarmed Combat
 + Level 7.5 Spellcasting
 - Level 10.0 Transmutations
 - Level 5.0 Ice Magic
 - Level 5.0 Air Magic
 - Level 5.0 Poison Magic
 - Level 10.0 Invocations
 - Level 5.0 Evocations


You had 7 spell levels left.
You knew the following spells:

 Your Spells              Type           Power      Damage    Failure   Level
a - Beastly Appendage     Tmut           70%        N/A       9%          1
b - Wereblood             Tmut           35%        N/A       10%         2
c - Poisonous Vapours     Pois/Air       40%        N/A       24%         2
d - Ice Form              Ice/Tmut       28%        N/A       36%         4
e - Blade Hands           Tmut           17%        N/A       36%         5
f - Storm Form            Tmut/Air       14%        N/A       100%        7

Your spell library contained the following spells:

 Spells                   Type           Power      Damage    Failure   Level
 Sting                    Tmut/Pois      100%       1d8       12%         1
 Spider Form              Tmut/Pois      28%        N/A       21%         3
 Mephitic Cloud           Conj/Pois/Air  15%        N/A       45%         3
 Magic Dart               Conj           20%        1d4       52%         1
 Airstrike                Air            10%        2d(2-18)  56%         4
 Olgreb's Toxic Radiance  Pois           20%        N/A       56%         4
 Blink                    Tloc           10%        N/A       61%         2
 Inner Flame              Hex/Fire       5%         N/A       78%         3
 Portal Projectile        Hex/Tloc       10%        N/A       78%         3
 Irradiate                Conj/Tmut      10%        3d15      82%         5
 Cause Fear               Hex            2%         N/A       97%         4
 Manifold Assault         Tloc           5%         N/A       97%         4
 Lightning Bolt           Conj/Air       6%         1d18      97%         5
 Dragon Form              Tmut           17%        N/A       99%         7
 Discord                  Hex            2%         N/A       100%        8
 Call Imp                 Summ           Unusable   N/A       N/A         2
 Tukima's Dance           Hex            Unusable   N/A       N/A         3
 Summon Lightning Spire   Summ/Air       Unusable   N/A       N/A         4

Dungeon Overview and Level Annotations

Branches:
Dungeon (12/15) Zot: 25606  Temple (1/1) D:4 Zot: 5989    Lair (5/5) D:8 Zot: 16408
  Swamp (0/4) Lair:3       Spider (0/4) Lair:3        Slime (0/5) Lair:4
    Orc (2/2) D:9 Zot: 10590     Elf (0/3) Orc:2

Altars:
Ashenzari
Cheibriados
Dithmenos
Elyvilon
Fedhas
Gozag
Hepliaklqana
Kikubaaqudgha
Makhleb
Nemelex Xobeh
Okawaru
Qazlal
Ru
Sif Muna
Trog
Uskayaw
Vehumet
Wu Jian
Xom
Yredelemnul
Zin
The Shining One
Lugonu

Shops:
D:5 !!*(   D:6 [*   Orc:2 (

Portals:
Abyss: Lair:5

Annotations:
D:8 6 transporters
D:9 1 runed translucent door, Pokonic1's ghost, novice DsVM
Lair:5 2 runed translucent doors, exclusion: 2 doors, Lakeera's ghost, journeyman MiHu


Innate Abilities, Weirdness & Mutations

You have blades for main tentacles.
Your spellcasting is less reliable in this form.
You are incapable of wielding weapons or throwing items.
You cannot wear most types of armour.
You are amphibious.
You can wear up to eight rings at the same time.
Your skin changes colour to match your surroundings (Stealth+).
Your rubbery body absorbs attacks. (AC +1, EV +1)
((You are camouflaged when in or above water. (Stealth+)))
You have tentacles for arms and can constrict up to eight enemies at once.
Your flesh is cold resistant. (rC+)
You are dopey. (Int -2)
You are frail. (-10% HP)
You are weak. (Str -2)


Message History

The orc knight shoots a bolt.
The bolt completely misses you.
You hear a shout!
Your transformation is almost over.
An orc high priest comes into view. It is wielding a +0 war axe.
The orc high priest shouts!
The orc high priest calls down the wrath of Beogh upon something.
Beogh smites you!
The orc knight shoots a bolt.
The bolt completely misses you.
The orc knight shoots a bolt.
The bolt closely misses you.
The orc warrior hits you from afar with a +0 halberd!
The orc warrior completely misses you.
You slash the orc knight! Your grab misses the orc knight.
You squeeze the orc knight!
The orc knight is moderately wounded.
The orc knight unwields a +0 arbalest.
The orc knight wields a +0 war axe.
The orc knight misses you.
You hit the orc knight but do no damage.
You grab the orc knight.
The orc knight is moderately wounded.
You constrict the orc knight. You block the orc warrior's attack.
The orc high priest prays to Beogh.
You slash the orc knight! You squeeze the orc knight.
The orc knight is severely wounded.
You constrict the orc knight, but do no damage.
The orc knight roars a battlecry!
The orcs go into a battle-frenzy!
The orc warrior hits you with a +0 halberd!!
* * * LOW HITPOINT WARNING * * *
You are too injured to fight recklessly!
You release your grip on the orc knight.
The orc knight attacks as you move away!
The orc knight hits you with a +0 war axe!
* * * LOW HITPOINT WARNING * * *
Your corrosive artefact corrodes you!
The orc knight unwields a +0 war axe.
The orc knight wields a +0 arbalest.
The orc knight shoots a bolt.
The bolt hits you!
* * * LOW HITPOINT WARNING * * *
The orc warrior completely misses you.
The orc high priest mumbles some strange prayers to Beogh against you.
Beogh smites you!
You die...

############
###..#.#.#.#.########
##...........)))[[....
##...........#.########
###...........#### ##
#....oP(@.#..#.## ###.##
##...P.4...#.....###....##
#.......o....[#.###....##.
##.....o.......###.##.### .
.......∩........#...#.#.###
..................##.#..)..##
.o.....8.......#)).........~~
#....P............#.......⌠.~
##...o..................⌠....


You could see an orc knight, an orc high priest (strong), a rust devil
(summoned) and an orc warrior (strong).

Vanquished Creatures
  Kirke (Lair:3)
  The ghost of Sleet the Basher, a journeyman MiBe of Trog (D:12)
  Harold (D:11)
  3 hydras
  2 catoblepae (Lair:4)
  2 two-headed ogres
  A tengu warrior (D:9)
  3 death yaks
  2 orc high priests (Orc:2)
  3 thrashing horrors (Lair:5)
  A skyshark (Lair:4)
  A pharaoh ant (Lair:3)
  An orc knight (Orc:2)
  A lindwurm (Lair:5)
  6 orc sorcerers (Orc:2)
  3 ugly things
  A cyclops (D:12)
  A manticore (D:12)
  14 elephants
  3 black mambas
  9 cane toads
  A torpor snail (Lair:5)
  2 rime drakes
  5 komodo dragons
  2 polar bears
  3 ancient zymes
  18 blink frogs
  5 trolls
  A large abomination (Lair:5)
  A tarantella (Lair:3)
  Sigmund (D:6)
  A shadow (D:9)
  14 slime creatures
  A jumping spider (Lair:3)
  41 yaks
  3 humans (Lair:3)
  5 ynoxinuls (Lair:5)
  7 basilisks
  2 wraiths (D:12)
  5 wyverns
  Grum (D:8)
  6 vampire mosquitoes
  A golden eye (shapeshifter) (Lair:5)
  A redback (Lair:3)
  3 hogs (Lair:3)
  A chaos spawn (Lair:5)
  A warg (Orc:2)
  3 hell hounds (D:10)
  An acid dragon (D:10)
  11 water moccasins
  3 black bears
  2 ice beasts
  16 orc warriors
  2 ogres
  27 wolves
  4 centaurs
  3 phantoms
  Blork the orc (D:4)
  2 kobold brigands
  3 gnoll sergeants
  21 bullfrogs
  12 small abominations (Lair:5)
  3 wights (D:8)
  2 troll zombies (D:9)
  20 killer bees
  The ghost of jerryboi the Conjurer, a weakling DgCj (D:3)
  2 electric eels
  A howler monkey (D:5)
  3 crimson imps (D:4)
  5 hounds
  2 jellies
  2 sleepcaps
  9 orc priests
  6 orc wizards
  2 iguanas
  4 ogre zombies (D:9)
  14 gnolls
  10 adders
  4 worms
  A dart slug (D:1)
  41 orcs
  6 bats
  4 endoplasms
  8 giant cockroaches
  13 goblins
  6 hobgoblins
  20 kobolds
  5 quokkas
  5 ball pythons
  4 frilled lizards
  2 goblin skeletons (D:9)
  2 goblin zombies (D:9)
  A hobgoblin skeleton (D:9)
  2 hobgoblin zombies (D:9)
  An orc skeleton (D:9)
  11 orc zombies (D:9)
  6 rats
531 creatures vanquished.

Vanquished Creatures (others)
  63 fungi
  32 plants
95 creatures vanquished.

Grand Total: 626 creatures vanquished

Notes
Turn   | Place    | Note
-------+----------+-------------------------------------------
     0 | D:1      | loopz the Octopode Transmuter began the quest for the Orb.
     0 | D:1      | Reached XP level 1. HP: 13/13 MP: 3/3
   154 | D:1      | Reached skill level 1 in Stealth
   340 | D:1      | Reached XP level 2. HP: 17/18 MP: 3/5
   358 | D:1      | Learned a level 2 spell: Wereblood
   977 | D:1      | Found a faded altar of an unknown god.
  1222 | D:1      | Reached XP level 3. HP: 20/24 MP: 4/6
  2194 | D:2      | Reached XP level 4. HP: 29/29 MP: 4/7
  2515 | D:2      | Reached skill level 5 in Stealth
  2863 | D:2      | Reached skill level 1 in Throwing
  3056 | D:3      | Noticed an ogre
  3253 | D:3      | Learned a level 4 spell: Ice Form
  3393 | D:3      | Killed an ogre
  3394 | D:3      | Reached XP level 5. HP: 35/35 MP: 8/8
  3851 | D:3      | Found a runed translucent gate.
  3856 | D:3      | Noticed jerryboi's ghost (weakling DgCj)
  3859 | D:3      | Found a runed translucent gate.
  3860 | D:3      | Found a runed translucent gate.
  3861 | D:3      | Noticed a kobold brigand
  3965 | D:3      | Reached XP level 6. HP: 42/42 MP: 9/9
  5101 | D:4      | Found a staircase to the Ecumenical Temple.
  5148 | Temple   | Entered the Ecumenical Temple
  5153 | Temple   | Became a worshipper of Warmaster Okawaru
  5500 | D:4      | Found a sparkling altar of Nemelex Xobeh.
  5566 | D:4      | Identified a scroll of acquirement
  5566 | D:4      | Acquired the +1 hat "Janaw" {Str+3}
  5691 | D:4      | Noticed a black bear
  5756 | D:4      | Noticed Blork the orc
  5770 | D:4      | Killed Blork the orc
  6022 | D:4      | Found a shimmering altar of Xom.
  6030 | D:4      | Reached XP level 7. HP: 39/46 MP: 8/10
  6159 | D:4      | Learned a level 3 spell: Spider Form
  6342 | D:4      | Reached skill level 5 in Transmutations
  6500 | D:5      | Entered Level 5 of the Dungeon
  6500 | D:5      | Found Viofekk's Distillery.
  6512 | D:5      | Bought 2 potions of heal wounds for 110 gold pieces
  6512 | D:5      | Bought a potion of resistance for 110 gold pieces
  6512 | D:5      | Bought a potion of heal wounds for 55 gold pieces
  6512 | D:5      | Bought a potion of degeneration for 11 gold pieces
  6524 | D:5      | Found Esawiuna's Distillery.
  7388 | D:5      | Found Mooj's General Store.
  7403 | D:5      | Found Seolapp's Weapon Shop.
  7469 | D:5      | Found a radiant altar of Vehumet.
  7763 | D:5      | Bought a potion of flight for 33 gold pieces
  7883 | D:6      | Found Wukabb's Armour Shoppe.
  8806 | D:6      | Found Qanapem's Assorted Antiques.
  8886 | D:6      | Noticed Sigmund
  8991 | D:6      | Reached XP level 8. HP: 54/54 MP: 12/12
  9007 | D:6      | Reached * piety under Okawaru
  9031 | D:6      | Reached skill level 5 in Fighting
  9102 | D:6      | Killed Sigmund
  9180 | D:6      | Bought a lumpy sapphire potion for 19 gold pieces
  9257 | D:6      | Reached skill level 5 in Unarmed Combat
 10019 | D:7      | Found a snail-covered altar of Cheibriados.
 10315 | D:7      | Reached ** piety under Okawaru
 10320 | D:7      | Reached XP level 9. HP: 61/61 MP: 4/13
 10336 | D:7      | Reached skill level 5 in Dodging
 11265 | D:8      | Noticed Grum
 11295 | D:8      | Found a transporter.
 11298 | D:8      | Found a transporter.
 11827 | D:3      | Killed jerryboi's ghost
 12612 | D:8      | Found a transporter.
 12614 | D:8      | Found a transporter.
 12652 | D:8      | Found a staircase to the Lair.
 12778 | D:8      | Found a transporter.
 12786 | D:8      | Found a transporter.
 12865 | D:8      | Reached *** piety under Okawaru
 12874 | D:8      | Killed Grum
 12875 | D:8      | Reached skill level 10 in Stealth
 12998 | D:8      | Reached XP level 10. HP: 27/66 MP: 11/14
 13335 | D:6      | Bought a gilded ring for 110 gold pieces
 14091 | D:8      | Found a transporter.
 14096 | D:8      | Found a transporter.
 14214 | D:8      | Found a staircase to the Lair.
 14268 | D:8      | Found a transporter.
 14271 | D:8      | Found a transporter.
 14303 | D:8      | Found a transporter.
 14306 | D:8      | Found a transporter.
 14845 | D:9      | Reached **** piety under Okawaru
 14850 | D:9      | Noticed a two-headed ogre
 15054 | D:9      | Found a hide-covered altar of Uskayaw.
 15056 | D:9      | Found a bloodstained altar of Trog.
 15361 | D:9      | Noticed a tengu warrior
 15988 | D:10     | Entered Level 10 of the Dungeon
 16040 | D:9      | Reached skill level 10 in Unarmed Combat
 16108 | D:9      | Found a staircase to the Orcish Mines.
 16585 | D:9      | Killed a two-headed ogre
 16585 | D:9      | Reached ***** piety under Okawaru
 16586 | D:9      | Reached XP level 11. HP: 75/75 MP: 15/15
 16610 | D:9      | Found a runed translucent door.
 16610 | D:9      | Found a shimmering altar of Xom.
 16610 | D:9      | Noticed Pokonic1's ghost (novice DsVM)
 16623 | D:9      | Noticed a +0 flail of chaos
 16707 | D:9      | Identified the +1 pair of gloves of the Monkey {*Corrode
                  | rPois Regen+}
 16894 | D:5      | Bought a scroll of teleportation for 39 gold pieces
 16894 | D:5      | Bought a scroll of immolation for 52 gold pieces
 16894 | D:5      | Bought a scroll of blinking for 97 gold pieces
 17017 | D:10     | Found an ornate altar of the Wu Jian Council.
 17181 | D:10     | Noticed a brown ugly thing
 17191 | D:10     | Killed a red ugly thing
 17419 | D:10     | Received a gift from Okawaru
 17747 | D:10     | Reached skill level 1 in Shields
 18101 | D:5      | Bought a potion of heal wounds for 65 gold pieces
 18541 | D:10     | Learned a level 2 spell: Poisonous Vapours
 18987 | D:11     | Found a stormy altar of Qazlal.
 19568 | D:11     | Reached skill level 10 in Fighting
 19866 | D:11     | Noticed Harold
 19874 | D:11     | Noticed a skeletal warrior
 19876 | D:11     | Noticed a skeletal warrior
 19893 | D:11     | Noticed a skeletal warrior
 19894 | D:11     | Noticed a two-headed ogre
 21096 | D:10     | Killed a two-headed ogre
 22045 | Lair:1   | Entered Level 1 of the Lair of Beasts
 22060 | Lair:1   | Reached skill level 5 in Shields
 22603 | Lair:1   | Reached XP level 12. HP: 76/87 MP: 12/16
 22863 | Lair:1   | Received a gift from Okawaru
 23497 | D:5      | Bought a potion of haste for 130 gold pieces
 24082 | Lair:2   | Reached skill level 1 in Evocations
 24446 | Lair:2   | Received a gift from Okawaru
 24822 | Lair:2   | Reached skill level 10 in Dodging
 24955 | Lair:2   | Noticed a five-headed hydra
 24966 | Lair:2   | Killed a five-headed hydra
 24967 | Lair:2   | Reached skill level 5 in Evocations
 25372 | Lair:2   | Reached skill level 1 in Poison Magic
 26312 | D:6      | Bought a scroll of fear for 88 gold pieces
 26312 | D:6      | Bought a scroll of identify for 44 gold pieces
 26744 | Lair:3   | Reached skill level 5 in Spellcasting
 26829 | Lair:3   | Reached XP level 13. HP: 92/92 MP: 15/20
 26854 | Lair:3   | Received a gift from Okawaru
 26855 | Lair:3   | Reached skill level 1 in Air Magic
 26858 | Lair:3   | Reached skill level 5 in Poison Magic
 26962 | Lair:3   | Found a hole to the Spider Nest.
 26973 | Lair:3   | Received a gift from Okawaru
 27178 | Lair:3   | Found a staircase to the Swamp.
 27259 | Lair:3   | Gained mutation: You occasionally lose the ability to read
                  | scrolls when taking damage. [mutagenic glow]
 27994 | Lair:3   | Learned a level 5 spell: Blade Hands
 28002 | Lair:3   | Learned a level 7 spell: Storm Form
 28003 | Lair:4   | Noticed Kirke
 28427 | Lair:3   | Killed Kirke
 28428 | Lair:3   | Reached skill level 5 in Air Magic
 28663 | Lair:3   | Found a staircase to the Swamp.
 28815 | Lair:3   | Found a hole to the Spider Nest.
 29232 | Lair:3   | Lost mutation: You occasionally lose the ability to read
                  | scrolls when taking damage. [potion of mutation]
 29232 | Lair:3   | Gained mutation: Your muscles are strong. (Str +4, Int/Dex
                  | -1) [potion of mutation]
 29731 | Lair:4   | Reached skill level 5 in Ice Magic
 29896 | Lair:4   | Received a gift from Okawaru
 30024 | Lair:4   | Found a staircase to the Slime Pits.
 30204 | Lair:4   | Found a burning altar of Makhleb.
 31020 | Lair:5   | Entered Level 5 of the Lair of Beasts
 31710 | Lair:5   | Reached skill level 5 in Invocations
 33547 | Lair:5   | Reached XP level 14. HP: 99/99 MP: 15/21
 33622 | Lair:4   | Received a gift from Okawaru
 33871 | Lair:4   | Reached skill level 10 in Transmutations
 35055 | Lair:5   | Found a large runed translucent door.
 35056 | Lair:5   | Found a large runed translucent door.
 35059 | Lair:5   | Noticed Lakeera's ghost (journeyman MiHu)
 35680 | Lair:5   | Found a corrupted altar of Lugonu.
 35680 | Lair:5   | Found a one-way gate to the infinite horrors of the Abyss.
 35696 | Lair:5   | Identified the ring "Tuh Pisu" {*Corrode rElec rC+ Will+
                  | Dex+4}
 36579 | D:11     | Killed Harold
 36579 | D:11     | Identified the +9 glaive "Sarcophage" {god gift, heavy,
                  | *Rage rC+ Dex+3} (Okawaru gifted it to you on level 11 of
                  | the Dungeon)
 36579 | D:11     | Received a gift from Okawaru
 37293 | D:12     | Reached skill level 10 in Invocations
 37871 | D:12     | Found a runed translucent door.
 37872 | D:12     | Noticed Sleet's ghost (journeyman MiBe)
 37883 | D:12     | Killed Sleet's ghost
 37952 | D:12     | Identified the ring "Gyckysh" {rN+ Int+2}
 38202 | Orc:1    | Entered Level 1 of the Orcish Mines
 38269 | Orc:1    | You fall into a shaft and drop 1 floor!
 38269 | Orc:2    | Entered Level 2 of the Orcish Mines
 38269 | Orc:2    | Found a flickering gateway to a bazaar.
 38277 | Bazaar   | Entered a bazaar
 38282 | Bazaar   | Found Fang's General Store.
 38310 | Bazaar   | Found Zeahotwy's Armour Boutique.
 38310 | Bazaar   | Found Jufuacut's Book Shop.
 38336 | Bazaar   | Found Homm's Assorted Antiques.
 38368 | Bazaar   | Bought a scroll of acquirement for 572 gold pieces
 38368 | Bazaar   | Acquired a book of Transfigurations
 38370 | Bazaar   | Bought a potion of heal wounds for 55 gold pieces
 38440 | Orc:2    | Found Napa's Antique Weapon Emporium.
 38461 | Orc:2    | Paralysed by an orc sorcerer for 4 turns
 38516 | Orc:2    | Paralysed by an orc sorcerer for 4 turns
 38682 | Orc:2    | Found a staircase to the Elven Halls.
 38827 | Orc:2    | Noticed an orc warlord
 38833 | Orc:2    | Gained mutation: You occasionally lose the ability to drink
                  | potions when taking damage. [a neqoxec]
 39334 | Orc:2    | Gained mutation: Your body sometimes deteriorates upon
                  | taking damage. [a neqoxec]
 39346 | Orc:2    | Received a gift from Okawaru
 39506 | Orc:2    | Lost mutation: You occasionally lose the ability to drink
                  | potions when taking damage. [potion of mutation]
 39506 | Orc:2    | Lost mutation: Your muscles are strong. (Str +4, Int/Dex
                  | -1) [potion of mutation]
 39506 | Orc:2    | Gained mutation: Your muscles are strong. (Str +4, Int/Dex
                  | -1) [potion of mutation]
 39506 | Orc:2    | Lost mutation: Your muscles are strong. (Str +4, Int/Dex
                  | -1) [potion of mutation]
 39506 | Orc:2    | Gained mutation: You are frail. (-10% HP) [potion of
                  | mutation]
 39507 | Orc:2    | Lost mutation: Your body sometimes deteriorates upon taking
                  | damage. [potion of mutation]
 39507 | Orc:2    | Lost mutation: You are frail. (-10% HP) [potion of
                  | mutation]
 39507 | Orc:2    | Gained mutation: You are dopey. (Int -2) [potion of
                  | mutation]
 39507 | Orc:2    | Gained mutation: You are weak. (Str -2) [potion of
                  | mutation]
 39507 | Orc:2    | Gained mutation: Your spells are a little harder to cast,
                  | but a little more powerful. [potion of mutation]
 39508 | Orc:2    | Lost mutation: Your spells are a little harder to cast, but
                  | a little more powerful. [potion of mutation]
 39508 | Orc:2    | Lost mutation: You are dopey. (Int -2) [potion of mutation]
 39508 | Orc:2    | Gained mutation: You are dopey. (Int -2) [potion of
                  | mutation]
 39508 | Orc:2    | Gained mutation: You possess an exceptional clarity of
                  | mind. [potion of mutation]
 39508 | Orc:2    | Gained mutation: You are partially covered in iridescent
                  | scales. (AC +2) [potion of mutation]
 39509 | Orc:2    | Lost mutation: You are partially covered in iridescent
                  | scales. (AC +2) [potion of mutation]
 39509 | Orc:2    | Lost mutation: You possess an exceptional clarity of mind.
                  | [potion of mutation]
 39509 | Orc:2    | Gained mutation: You are frail. (-10% HP) [potion of
                  | mutation]
 39509 | Orc:2    | Gained mutation: Your flesh is cold resistant. (rC+)
                  | [potion of mutation]
 39728 | Orc:2    | HP: 3/89 [orc knight/bolt (17)]
 39729 | Orc:2    | Killed from afar by an orc high priest

Illustrated notes

Levels and vault maps discovered:
D:1:      dpeg_arrival_arbitrary_c, layout_loops_cross,
          hellmonk_ecumenical_altar_leap_of_faith, serial_forest,
          infiniplex_forest_clump_medium, infiniplex_forest_clump_long,
          infiniplex_forest_clump_curved, infiniplex_forest_clump_double,
          infiniplex_forest_fountain, infiniplex_forest_straight_2,
          dk_noncrumbling_3, chequers_serial_rivers_micro_b, st_stairs_14,
          chequers_avenue
D:2:      layout_basic, minmay_distorted
D:3:      layout_loops_cross, gammafunk_ghost_nasty_kobolds, kennysheep_boxes
D:4:      layout_loops_ring, led_xom_imps, nemelex_diamond_rough_becter,
          minmay_temple_entry_stoned_glass, serial_glass, glass_columns_a,
          glass_columns_a, uniq_blork_the_orc
D:5:      layout_basic, vehumet_altar_wand_db, serial_shops, nicolae_shop_trees,
          shop, shop, nicolae_stop_n_shop_1, lemuel_flame_loot_1
D:6:      layout_loops_ring, serial_aquarium, aquarium_bridge_square
          [aquarium_subvault_wall, aquarium_subvault_bridge,
          aquarium_subvault_bridge, aquarium_subvault_bridge],
          aquarium_window_1, aquarium_window_corner, aquarium_view_2c,
          aquarium_balcony_5a, serial_shops, nicolae_take_the_stairs,
          nicolae_shop_waterfront, corexii_item_surrounded_by_moat, uniq_sigmund
D:7:      layout_gridville, old_standard_altar
D:8:      layout_cave_pools, lair_entry_dummy, ebering_dispersal_statue_hall,
          nrook_pool_corridor, serial_nicolae_subway,
          nicolae_sub_station_crystal, nicolae_sub_station_stone,
          nicolae_sub_station_metal, uniq_grum
D:9:      layout_basic, minitemple, zombieorc1_lemuel, serial_glass,
          glass_columns_a, glass_columns_a, ebering_ghost_xom
D:10:     layout_basic, mainiacjoe_overflow_catwalk, minmay_rotating_lava
D:11:     layout_grid_maze, grunt_qazlal_clouds, uniq_harold
D:12:     layout_roguey, ebering_ghost_reflecting_pool
Temple:   minmay_freezing_vapour_temple
Lair:1:   layout_long_grid, infiniplex_staircase_pool_2, grunt_megastairs_4
Lair:2:   layout_regular_city, grunt_megastairs_3, lemuel_fruit_tree
Lair:3:   layout_roguey, swamp_mist_pool, nicolae_spider_entry_lesser_pyramids
Lair:4:   layout_regular_city, slime_entry_1, basic_altar, uniq_kirke
Lair:5:   hellmonk_lair_end_abyssal_woods, layout_cave_pods,
          ebering_ghost_disaster_area
Orc:1:    layout_caves, serial_shops, nicolae_shop_hallway_plus, mines2_david
Orc:2:    grunt_orc_gardens, layout_caves, grunt_orc_garden, grunt_orc_garden,
          grunt_orc_garden, grunt_orc_garden, serial_shops, bzr_entry_lakeside

Skill      XL: |  1  2  3  4  5  6  7  8  9 10 11 12 13 14 |
---------------+-------------------------------------------+-----
Stealth        | 2 4 5 10 | 10.0
Fighting       | 2 3 4 5 7 10 | 10.0
Throwing       | 2 |  2.0
Ice Magic      | 2 3 5 |  5.0
Transmutations | 4 5 9 10 | 10.0
Spellcasting   | 3 5 7 |  7.5
Unarmed Combat | 5 6 10 | 10.0
Dodging        | 4 5 7 10 | 10.0
Invocations    | 3 5 10 | 10.0
Shields        | 5 |  5.0
Evocations     | 5 |  5.0
Poison Magic   | 4 5 |  5.0
Air Magic      | 5 |  5.0

Action                     |  1- 3 |  4- 6 |  7- 9 | 10-12 | 13-15 || total
---------------------------+-------+-------+-------+-------+-------++-------
  Melee: Unarmed           |    82 |   115 |   239 |   490 |   549 ||  1475
         Constrict         |    26 |    29 |    14 |     4 |    30 ||   103
         Tentacles         |    16 |    20 |    16 |     4 |    67 ||   123
         Kick              |    22 |    34 |    25 |     3 |     2 ||    86
         Punch             |       |     2 |       |       |    21 ||    23
         Dagger            |       |       |       |     1 |       ||     1
  Throw: Dart              |       |     6 |    15 |    23 |     8 ||    52
         Boomerang         |       |     2 |     6 |     7 |       ||    15
         Throwing net      |       |       |     2 |     2 |     1 ||     5
         Stone             |       |       |       |     1 |       ||     1
         Javelin           |       |       |       |       |     7 ||     7
   Cast: Beastly Appendage |    26 |    31 |    11 |     6 |     3 ||    77
         Wereblood         |     2 |     2 |    14 |    26 |    13 ||    57
         Ice Form          |       |     3 |    25 |    69 |    43 ||   140
         Poisonous Vapours |       |       |       |     1 |     4 ||     5
         Blade Hands       |       |       |       |       |    41 ||    41
 Invoke: Heroism           |       |       |     1 |    10 |    15 ||    26
         Finesse           |       |       |       |     1 |     2 ||     3
  Evoke: Wand              |       |       |     3 |    12 |    13 ||    28
    Use: Scroll            |     5 |     8 |     7 |     8 |     7 ||    35
         Potion            |       |     1 |     7 |     3 |     7 ||    18
   Stab: Sleeping          |     8 |    11 |     8 |     7 |     4 ||    38
         Distracted        |       |       |       |     1 |     1 ||     2
         Paralysed         |       |       |       |     1 |       ||     1
 Armour: Skin              |     4 |     9 |    57 |    57 |    76 ||   203
  Dodge: Dodged            |    47 |    50 |   220 |   440 |   571 ||  1328
  Block: Buckler           |       |       |       |     2 |    14 ||    16
         Other             |       |       |       |       |    15 ||    15
         Reflection        |       |       |       |       |     3 ||     3

Table legend: (Time is in decaauts)
 A = Elapsed time spent in this place.
 B = Non-inter-level travel time spent in this place.
 C = Inter-level travel time spent in this place.
 D = Time resting spent in this place.
 E = Time spent auto-exploring this place.
 F = Levels seen in this place.
 G = Mean time per level.
                   A        B        C        D        E       F      G
               +--------+--------+--------+--------+--------+-----+--------+
         Total |  39534 |  36685 |   2849 |  18306 |  13326 |  21 | 1882.6 |
       Dungeon |  24418 |  21911 |   2507 |  10263 |   8512 |  12 | 2034.8 |
        Temple |     10 |     10 |      0 |      0 |      0 |   1 |   10.0 |
          Lair |  13591 |  13250 |    341 |   7124 |   4583 |   5 | 2718.2 |
  Orcish Mines |   1409 |   1409 |      0 |    918 |    158 |   2 |  704.5 |
        Bazaar |    105 |    105 |      0 |      0 |     73 |   1 |  105.0 |
               +--------+--------+--------+--------+--------+-----+--------+

Top non-repeatable levels by time:
    D:10: 3976 daAuts
  Lair:4: 3913 daAuts
  Lair:3: 2889 daAuts
  Lair:5: 2717 daAuts
     D:5: 2455 daAuts
     D:3: 2291 daAuts
  Lair:2: 2245 daAuts
     D:8: 2189 daAuts
     D:9: 2172 daAuts
     D:4: 2154 daAuts
  Lair:1: 1825 daAuts
     D:1: 1803 daAuts
     D:6: 1746 daAuts
    D:11: 1538 daAuts
     D:7: 1523 daAuts
